 Dungeon Crawl Stone Soup version 0.25-a0-860-gf695395b5c (webtiles) character file.

Game seed: 7193656956636881335, levelgen mode: classic

277 EnegeticOcto the Chopper (level 6, 40/57 HPs)
             Began as a Deep Dwarf Fighter on Apr 28, 2020.
             Quit the game in the Ecumenical Temple.
             The game lasted 00:00:58 (1331 turns).

EnegeticOcto the Chopper (Deep Dwarf Fighter)       Turns: 1331, Time: 00:00:59

Health: 40/57      AC:  7    Str: 22    XL:     6   Next: 4%
Magic:  6/6        EV:  7    Int:  8    God:
Gold:   172        SH: 10    Dex: 12    Spells: 5/5 levels left

rFire    . . .     SeeInvis .   a - +0 war axe
rCold    . . .     Gourm    .   c - +0 kite shield
rNeg     . . .     Faith    .   b - +0 scale mail
rPois    .         Spirit   .   (no helmet)
rElec    .         Reflect  .   (no cloak)
rCorr    .         Harm     .   (no gloves)
MR       .....     Rnd*Tele +   (no boots)
Stlth    ..........             (no amulet)
HPRegen  0.00/turn              j - ring of teleportation (curse)
MPRegen  0.10/turn              l - ring of wizardry

@: non-regenerating
A: damage resistance, heal wounds, sense surroundings 1, no regeneration
a: Heal Wounds


You were in the Ecumenical Temple.
You were very hungry.

You visited 2 branches of the dungeon, and saw 5 of its levels.

You collected 172 gold pieces.

Inventory:

Hand Weapons
 a - a +0 war axe (weapon)
Armour
 b - a +0 scale mail (worn)
 c - a +0 kite shield (worn)
Jewellery
 h - an uncursed ring of positive energy
 j - a cursed ring of teleportation (left hand)
 l - a ring of wizardry (right hand)
Wands
 d - a wand of acid (5) {@v1}
Scrolls
 f - 5 scrolls of identify {unknown}
 g - a scroll of teleportation {unknown}
Potions
 i - 2 potions of cancellation {unknown}
 k - 2 potions of might {@q3}
 m - a potion of curing {unknown}
Comestibles
 e - 8 rations


   Skills:
 * Level 4.1 Fighting
 * Level 4.3 Axes
 + Level 4.3 Armour
 + Level 4.3 Shields


You had 5 spell levels left.
You didn't know any spells.
Your spell library was empty.

Dungeon Overview and Level Annotations

Branches:
Dungeon (4/15)             Temple (1/1) D:4

Altars:
Ashenzari
Cheibriados
Dithmenos
Elyvilon
Fedhas
Hepliaklqana
Kikubaaqudgha
Nemelex Xobeh
Okawaru
Qazlal
Sif Muna
Trog
Vehumet
Wu Jian
Xom
Yredelemnul
Zin
The Shining One


Innate Abilities, Weirdness & Mutations

You are resistant to damage.
You can heal yourself by infusing magical energy.
You passively map a small area around you.
You do not regenerate.


Message History

No target in view!
No target in view!
No target in view!
No target in view!
No target in view!
No target in view!
No target in view!
There is an open door here.
Some of the chunks of flesh in your inventory have rotted away.
You now have 107 gold pieces (gained 9).
e - 7 rations (gained 1)
You see here a scale mail.
There is an open door here.
All of the chunks of flesh in your inventory have rotted away.
Found a hand axe.
You now have 117 gold pieces (gained 10).
Found a stone staircase leading up.
There is a stone staircase leading up here.
You now have 125 gold pieces (gained 8).
A quokka comes into view.
A quokka is nearby!
A quokka is nearby!
Found a scroll labeled JIDAUM IP NIL.
You hit the quokka.
The quokka is heavily wounded.
You block the quokka's attack.
You miss the quokka.
The quokka is heavily wounded.
The quokka closely misses you. You block the quokka's attack.
You hit the quokka but do no damage.
The quokka is heavily wounded.
The quokka misses you.
You closely miss the quokka.
The quokka is heavily wounded.
You block the quokka's attack. The quokka closely misses you.
You slash the quokka!
You kill the quokka!
No target in view!
No target in view!
No target in view!
A worker ant comes into view.
The worker ant twitches its antennae in your direction.
You see here 9 gold pieces.
A worker ant is nearby!
A worker ant is nearby!
A worker ant is nearby!
A worker ant is nearby!
Found a tubular moonstone ring.
You closely miss the worker ant. The worker ant barely misses you.
You block the worker ant's attack.
You slash the worker ant!
The worker ant is severely wounded.
The worker ant bites you.
You are poisoned.
The worker ant poisons you! The worker ant closely misses you.
You slash the worker ant!
You kill the worker ant!
You have reached level 6!
Your experience leads to an increase in your attributes!
Increase (S)trength, (I)ntelligence, or (D)exterity?
You feel stronger.
You now have 134 gold pieces (gained 9).
You are feeling hungry.
f - 5 scrolls labeled JIDAUM IP NIL (gained 1)
j - a tubular moonstone ring You now have 146 gold pieces (gained 12).
You are no longer poisoned.
You now have 162 gold pieces (gained 16).
Found a stone staircase leading down.
You now have 172 gold pieces (gained 10).
Found a snail-covered altar of Cheibriados.
You are feeling very hungry.
Found a staircase to the Ecumenical Temple.
e - 8 rations (gained 1)
Found four altars.
m - a bubbling cyan potion
h - a ring of positive energy (left hand)
You remove your ring of positive energy.
You feel slightly jumpy.
Oops, that ring feels deathly cold.
j - a cursed ring of teleportation (left hand)
l - a ring of wizardry (right hand)
(D) Dungeon (T) Temple
Where to? (Enter - D:4, ? - help)
There is a staircase to the Ecumenical Temple here.
You climb downwards.
Welcome to the Ecumenical Temple!
There is a staircase back to the Dungeon here.
Unknown command.
You can't go down here!
Unknown command.
Found a glowing golden altar of the Shining One and a shimmering altar of Xom.
Found a hazy altar of Hepliaklqana and a white marble altar of Elyvilon.
Found a stormy altar of Qazlal.
Found a basalt altar of Yredelemnul and a glowing silver altar of Zin.
Found a bloodstained altar of Trog and a blossoming altar of Fedhas.
There is a hazy altar of Hepliaklqana here.
Done exploring.
Done exploring.
Search for what [? for help]? mak Can't find anything matching that.
Are you sure you want to abandon this character and quit the game? (Confirm with "yes".)

### ####### #######<#######
#####
##.....###.............###....
##.......####.........####.....
##.........####@......####......
#...........# #.......# #.......
#...........# ##.....## #.......
#...........# ##.....## #.......
#...........###...#...###.......
##..............#####...........
##.......####### #######.....
###.##### #####. ##......##
##....


There were no monsters in sight!

Vanquished Creatures
  Sigmund (D:2)
  Jessica (D:2)
  A worker ant (D:4)
  A howler monkey skeleton (D:4)
  3 adders
  2 dart slugs (D:1)
  3 bats
  3 giant cockroaches
  A goblin (D:1)
  7 hobgoblins
  2 kobolds (D:2)
  A quokka (D:4)
  2 ball pythons
  2 frilled lizards (D:1)
  4 rats
34 creatures vanquished.

Notes
Turn   | Place    | Note
-------+----------+-------------------------------------------
     0 | D:1      | EnegeticOcto the Deep Dwarf Fighter began the quest for the
                  | Orb.
     0 | D:1      | Reached XP level 1. HP: 20/20 MP: 1/1
    88 | D:1      | Reached XP level 2. HP: 21/27 MP: 2/2
   105 | D:1      | You fall into a shaft and drop 1 floor!
   127 | D:2      | Noticed Sigmund
   143 | D:2      | Killed Sigmund
   143 | D:2      | Reached XP level 3. HP: 30/36 MP: 3/3
   143 | D:2      | Reached XP level 4. HP: 36/44 MP: 4/4
   143 | D:2      | Reached XP level 5. HP: 41/50 MP: 5/5
   206 | D:2      | Noticed Jessica
   215 | D:2      | Killed Jessica
   662 | D:3      | Found a shimmering blue altar of Sif Muna.
   662 | D:3      | Found an ancient bone altar of Kikubaaqudgha.
   664 | D:3      | Found a radiant altar of Vehumet.
   687 | D:3      | Found a stormy altar of Qazlal.
   817 | D:4      | Found a sparkling altar of Nemelex Xobeh.
   973 | D:4      | Reached XP level 6. HP: 40/57 MP: 6/6
  1104 | D:4      | Found a snail-covered altar of Cheibriados.
  1155 | D:4      | Found a staircase to the Ecumenical Temple.
  1196 | D:4      | Found a shadowy altar of Dithmenos.
  1196 | D:4      | Found a shattered altar of Ashenzari.
  1196 | D:4      | Found an ornate altar of the Wu Jian Council.
  1196 | D:4      | Found an iron altar of Okawaru.
  1243 | Temple   | Entered the Ecumenical Temple
  1331 | Temple   | Quit the game

Levels and vault maps discovered:
D:1:      lemuel_arrival_tunnels, layout_rooms
D:2:      layout_loops_cross, uniq_sigmund, uniq_jessica
D:3:      layout_basic, grunt_temple_overflow_magic_moments,
          kennysheep_small_spiral, grunt_qazlal_sundering
D:4:      layout_basic, kennysheep_little_box, lemuel_coloured_pillars_altar,
          chequers_temple_overflow_statue_of_worship, temple_hall, first_ration,
          st_stairs_4
Temple:   kb_temple_of_zot

Skill      XL: |  1  2  3  4  5 |
---------------+----------------+-----
Fighting       | 3 4 |  4.1
Axes           | 3 4 |  4.3
Armour         | 4 |  4.3
Shields        | 4 |  4.3

Action                   |  1- 3 |  4- 6 || total
-------------------------+-------+-------++-------
Melee: War axe           |    23 |    92 ||   115
 Abil: Heal Wounds       |     1 |       ||     1
Armor: Scale mail        |     9 |    42 ||    51
Dodge: Dodged            |     8 |    49 ||    57
Block: Kite shield       |     6 |    53 ||    59

Table legend:
 A = Non-vault XP
 B = Vault XP
 C = Vault XP percentage of total XP
 D = Non-vault monster count
 E = Vault monster count
 F = Vault count percentage of total count
                 A         B        C        D         E       F
            +---------+---------+-------+---------+---------+-------
      Total |     121 |     276 |  69.5 |      31 |       3 |   8.8
            +---------+---------+-------+---------+---------+-------
        D:1 |      28 |       0 |   0.0 |      14 |       0 |   0.0
        D:2 |      37 |     260 |  87.5 |       8 |       2 |  20.0
        D:3 |      22 |       0 |   0.0 |       7 |       0 |   0.0
        D:4 |      34 |      16 |  32.0 |       2 |       1 |  33.3
            +---------+---------+-------+---------+---------+-------
